 Dungeon Crawl Stone Soup version 0.25.0-9-g26727b657a (webtiles) character file.

Game seed: 9730751363274132642

61 mopl the Conjurer (level 4, -2/36 HPs)
             Began as a Naga Conjurer on June 20, 2020.
             Slain by a gnoll
             ... wielding a cursed +0 halberd
              (6 damage)
             ... on level 2 of the Dungeon.
             The game lasted 00:02:50 (983 turns).

mopl the Conjurer (Naga Conjurer)                    Turns: 983, Time: 00:02:50

Health: -2/36      AC:  2    Str: 10    XL:     4   Next: 7%
Magic:  4/8        EV: 10    Int: 17    God:
Gold:   71         SH:  0    Dex: 11    Spells: 6/9 levels left

rFire    . . .     SeeInvis +   h - +0 dagger (curse)
rCold    . . .     Gourm    .   (no shield)
rNeg     . . .     Faith    .   a - +0 robe
rPois    +         Spirit   .   (no helmet)
rElec    .         Reflect  .   (no cloak)
rCorr    .         Harm     .   (no gloves)
MR       .....                  (no barding)
Stlth    ++........             (no amulet)
HPRegen  0.12/turn              e - ring of flight (curse)
MPRegen  0.11/turn              (no ring)

@: short of breath, very slow
A: large, see invisible, deformed body, poison resistance, slowness 2, slow
metabolism 1, spit poison 1, AC +1
a: Spit Poison, Evoke Flight


You were on level 2 of the Dungeon.
You were hungry.

You visited 1 branch of the dungeon, and saw 2 of its levels.

You collected 71 gold pieces.

Inventory:

Hand Weapons
 h - a cursed +0 dagger (weapon)
Armour
 a - a +0 robe (worn)
Jewellery
 e - a cursed ring of flight (left hand)
Scrolls
 b - a scroll of identify {unknown}
 d - a scroll of blinking {unknown}
 g - a scroll of remove curse {unknown}
Potions
 f - a potion of berserk rage {unknown}
 i - a potion of invisibility {unknown}
Comestibles
 c - 2 rations


   Skills:
 - Level 1.5 Dodging
 - Level 3.0 Stealth
 + Level 3.1 Spellcasting
 + Level 4.8 Conjurations


You had 6 spell levels left.
You knew the following spells:

 Your Spells              Type           Power        Failure   Level  Hunger
a - Magic Dart            Conj           ###.         2%          1    None
b - Searing Ray           Conj           ###...       3%          2    ##.....

Your spell library contained the following spells:

 Spells                   Type           Power        Failure   Level  Hunger
 Dazzling Flash           Conj/Hex       ##....       19%         3    ###....
 Fulminant Prism          Conj/Hex       ##........   54%         4    ####...
 Iskenderun's Mystic Bla  Conj/Tloc      ##......     54%         4    ####...


Dungeon Overview and Level Annotations

Branches:
Dungeon (2/15)

Altars:


Innate Abilities, Weirdness & Mutations

You cannot wear boots.
Your serpentine skin is tough. (AC +1)
You have supernaturally acute eyesight. (SInv)
Armour fits poorly on your strangely shaped body.
Your system is resistant to poisons. (rPois)
You cover ground very slowly.
You have a slow metabolism.
You can spit poison.


Message History

Aim: a gnoll, wielding a +0 halberd (almost dead)
The splash of poison misses the gnoll.
You feel slightly more hungry.
The gnoll hits you from afar with a +0 halberd!
Ouch! That really hurt!
* * * LOW HITPOINT WARNING * * *
Casting: Magic Dart (safe; 2% risk of failure)
Confirm with . or Enter, or press ? or * to list all spells.
Aiming: Searing Ray (safe; 4% risk of failure)
Press: ? - help, Shift-Dir - straight line, f/p - gnoll
Aim: a gnoll, wielding a +0 halberd (almost dead)
The searing ray hits the gnoll.
You kill the gnoll!
You have reached level 4!
You feel clever. (Press . to maintain the ray.)
The worm barely misses you.
The searing ray hits the gnoll!
The gnoll is heavily wounded.
The gnoll hits you from afar with a cursed +0 halberd.
You die...

####### ...#(w@..#
...#.###g# ..#.#.#.###
..#.#.....##
#.#.#.#.g..# #
#.#.#.###..###
####.####.#.#.###g...#
................>#.#.#
#.#.)..#...##.#.#.#


You could see a worm and a gnoll.

Vanquished Creatures
  2 gnolls (D:2)
  3 leopard geckos (D:1)
  3 bats (D:1)
  2 giant cockroaches (D:1)
  7 goblins
  4 hobgoblins (D:1)
  7 jackals (D:1)
  2 frilled lizards
  2 kobolds
  3 rats (D:1)
35 creatures vanquished.

Notes
Turn   | Place    | Note
-------+----------+-------------------------------------------
     0 | D:1      | mopl the Naga Conjurer began the quest for the Orb.
     0 | D:1      | Reached XP level 1. HP: 15/15 MP: 3/3
    74 | D:1      | Reached XP level 2. HP: 20/22 MP: 0/5
    78 | D:1      | Learned a level 2 spell: Searing Ray
   358 | D:1      | Reached XP level 3. HP: 28/28 MP: 4/6
   728 | D:2      | Noticed an ogre
   982 | D:2      | Reached XP level 4. HP: 3/36 MP: 5/8
   983 | D:2      | Slain by a gnoll

Illustrated notes

Levels and vault maps discovered:
D:1:      sevenhm_arrival_forest_fort_small_3, layout_loops_cross
D:2:      layout_basic, bloody_trog, uniq_terence

Skill      XL: |  1  2  3 |
---------------+----------+-----
Spellcasting   | 3 |  3.1
Dodging        | |  1.5
Stealth        | |  3.0
Conjurations   | |  4.8

Action                   |  1- 3 |  4- 6 || total
-------------------------+-------+-------++-------
Melee: Dagger            |    11 |       ||    11
       Unarmed           |     2 |       ||     2
 Cast: Magic Dart        |    15 |       ||    15
       Searing Ray       |     4 |     1 ||     5
 Abil: Spit Poison       |    29 |       ||    29
  Eat: Chunk             |     1 |       ||     1
Armor: Robe              |     4 |       ||     4
Dodge: Dodged            |    29 |     1 ||    30
